 Dungeon Crawl Stone Soup version 0.21.0-3-g78d12a8 (webtiles) character file.

174 EndlessMike the Shooter (level 5, -1/41 HPs)
             Began as a Human Wanderer on Jan 9, 2018.
             Killed by divine providence
             ... invoked by an orc priest
              (12 damage)
             ... on level 3 of the Dungeon.
             The game lasted 00:06:57 (3677 turns).

EndlessMike the Shooter (Human Wanderer)            Turns: 3677, Time: 00:06:58

Health: -1/41      AC:  3    Str: 15    XL:     5   Next: 84%
Magic:  5/5        EV: 11    Int: 13    God:
Gold:   111        SH:  0    Dex: 10    Spells: 2/4 levels left

rFire    . . .     SeeInvis .   a - +3 shortbow
rCold    . . .     Gourm    .   (shield currently unavailable)
rNeg     . . .     Faith    .   q - +0 leather armour (curse)
rPois    .         Spirit   .   (no helmet)
rElec    .         Reflect  .   (no cloak)
rCorr    .         Harm     .   (no gloves)
MR       .....                  (no boots)
Stlth    +.........             (no amulet)
HPRegen  0.13/turn              (no ring)
MPRegen  0.09/turn              (no ring)

@: lethally poisoned (-1 -> -4)
A: no striking features
a: no special abilities


You were on level 3 of the Dungeon.
You were not hungry.

You visited 1 branch of the dungeon, and saw 4 of its levels.

You collected 111 gold pieces.

Inventory:

Hand Weapons
 a - a +3 shortbow (weapon)
 b - a +0 hand axe
Missiles
 g - 27 arrows (quivered)
Armour
 q - a cursed +0 leather armour (worn)
Scrolls
 c - a scroll of teleportation
 h - 2 scrolls of enchant weapon
 j - a scroll of identify
 k - 2 scrolls of remove curse {unknown}
 l - a scroll of random uselessness {unknown}
Potions
 e - 2 potions of ambrosia
 i - a potion of degeneration {unknown}
 m - a potion of heal wounds {unknown}
 o - a potion of flight {unknown}
Books
 n - a book of Minor Magic

   Spells                             Type                      Level
   a - Magic Dart                     Conjuration                  1
   b - Blink                          Translocation                2
   c - Call Imp                       Summoning                    2
   d - Slow                           Hexes                        2
   e - Conjure Flame                  Conjuration/Fire             3
   f - Mephitic Cloud                 Conjuration/Poison/Air       3
Comestibles
 f - 2 rations


   Skills:
 - Level 3.0 Fighting
   Level 1.0 Maces & Flails
 + Level 5.2 Bows
 - Level 3.0 Armour
 - Level 1.0 Stealth
   Level 1.0 Shields


You had 2 spell levels left.
You knew the following spells:

 Your Spells              Type           Power        Failure   Level  Hunger
b - Blink                 Tloc           N/A          50%         2    ###....


Dungeon Overview and Level Annotations

Branches:
Dungeon (4/15)
 Temple: D:4-7

Altars:

Annotations:
D:4 shmesh's ghost, amateur DsGl


Message History

The adder barely misses you. The orc completely misses you.
Firing (i - inventory):
g - 29 arrows (quivered)
Press: ? - help, Shift-Dir - straight line, f/p - adder
Aim: an adder You shoot an arrow.
The arrow hits the adder.
The adder is moderately wounded.
The adder bites you.
Firing (i - inventory):
g - 28 arrows (quivered)
Press: ? - help, Shift-Dir - straight line, f/p - adder
Aim: an adder (moderately wounded)
You shoot an arrow. The arrow hits the adder!
The adder is almost dead.
The adder bites you.
You are poisoned.
The adder poisons you!
The orc hits you from afar with a trident!
* * * LOW HITPOINT WARNING * * *
The orc priest calls down the wrath of Beogh upon you.
Beogh smites you!
You die...

...o.. ...........#
..#.# ######.####
#.#.# #######.# #.#.#
###....##.# #...#
#......##'##
####..####..........#
#.....o.##..........#
#.....oo##..........#
#....>..S@....#.....#
#.......#####.####.##
#.......#####.# #.#
#.......##....# #.#
##########.#### #.#
#.# #.# #.# #.# #.#
#.# #.# #.#


You could see an orc priest, an adder and 2 orcs.

Vanquished Creatures
  An iguana (D:2)
  6 adders
  An ooze (D:2)
  2 worms (D:3)
  5 dart slugs
  5 orcs
  A ball python (D:2)
  A giant cockroach (D:2)
  7 goblins
  9 hobgoblins
  4 jackals (D:1)
  3 quokkas
  10 bats
  2 frilled lizards
  6 kobolds
  9 rats
72 creatures vanquished.

Notes
Turn   | Place    | Note
-------+----------+-------------------------------------------
     0 | D:1      | EndlessMike the Human Wanderer began the quest for the Orb.
     0 | D:1      | EndlessMike set off with: a +2 shortbow, 24 arrows, 2 scrolls of teleportation, a +0 robe, a ration
     0 | D:1      | Reached XP level 1. HP: 18/18 MP: 1/1
    23 | D:1      | Reached skill level 2 in Bows
    23 | D:1      | Reached XP level 2. HP: 24/24 MP: 2/2
   334 | D:1      | Reached XP level 3. HP: 28/29 MP: 3/3
   404 | D:1      | Reached skill level 3 in Bows
  1343 | D:1      | Reached XP level 4. HP: 22/35 MP: 4/4
  1471 | D:2      | Learned a level 2 spell: Blink
  1962 | D:2      | Reached skill level 4 in Bows
  2163 | D:2      | Reached XP level 5. HP: 33/41 MP: 5/5
  3076 | D:2      | Reached skill level 5 in Bows
  3660 | D:4      | Noticed shmesh's ghost (amateur DsGl)
  3677 | D:3      | Killed from afar by an orc priest

Skill      XL: |  1  2  3  4  5 |
---------------+----------------+-----
Bows           | 2 3 4 5 |  5.2
Fighting       | |  3.0
Maces & Flails | |  1.0
Armour         | |  3.0
Stealth        | |  1.0
Shields        | |  1.0

Action                   |  1- 3 |  4- 6 || total
-------------------------+-------+-------++-------
Melee: Hand axe          |    59 |    95 ||   154
 Fire: Shortbow          |    49 |   104 ||   153
 Cast: Blink             |       |     1 ||     1
  Use: Scroll            |       |     4 ||     4
 Stab: Sleeping          |       |     1 ||     1
  Eat: Chunk             |     1 |     6 ||     7
       Ration            |       |     1 ||     1
Armor: Robe              |    35 |    18 ||    53
       Leather armour    |       |     6 ||     6
Dodge: Dodged            |    86 |    95 ||   181
